 Dungeon Crawl Stone Soup version 0.18.1-5-g4a78601 (webtiles) character file.

353 MTVSty1e the Skirmisher (level 6, -5/55 HPs)
             Began as a Draconian Berserker on May 12, 2016.
             Was a Priest of Trog.
             Slain by a gnoll
             ... wielding a +0 halberd
              (18 damage)
             ... on level 4 of the Dungeon.
             The game lasted 00:10:21 (2975 turns).

MTVSty1e the Skirmisher (Draconian Berserker)       Turns: 2975, Time: 00:10:22

Health: -5/55      AC:  9    Str: 24 (25) XL:     6   Next: 35%
Magic:  6/6        EV: 12    Int:  5 (7)  God:    Trog [***...]
Gold:   156        SH:  2    Dex:  8 (10) Spells: 0 memorised, 5 levels left

rFire  + . .     SeeInvis .     a - +0 hand axe
rCold  x . .     Gourm    .     (armour unavailable)
rNeg   . . .     Faith    .     u - +0 buckler
rPois  .         Spirit   .     (helmet restricted)
rElec  .         Dismiss  .     (no cloak)
rCorr  .         Reflect  .     c - +2 pair of gloves
SustAt .         Harm     .     (no boots)
MR     .....                    (no amulet)
Stlth  +.........               q - +3 ring of strength
                                d - ring of fire

@: exhausted, slowed, very slow, not resistant to hostile enchantments, very
unstealthy
A: unfitting armour, cold-blooded, AC +6
a: Berserk, Trog's Hand, Burn Spellbooks, Renounce Religion


You were on level 4 of the Dungeon.
You worshipped Trog.
Trog was most pleased with you.
You were not hungry.

You visited 1 branch of the dungeon, and saw 4 of its levels.

You collected 156 gold pieces.

Inventory:

Hand Weapons
 a - a +0 hand axe (weapon)
Armour
 c - a +2 pair of gloves (worn)
 u - a +0 buckler (worn)
Jewellery
 d - a ring of fire (left hand)
 q - a +3 ring of strength (right hand)
Wands
 o - a wand of confusion (23/48)
Scrolls
 f - 2 scrolls of blinking
 g - 7 scrolls of identify {unknown}
 n - a scroll of remove curse {unknown}
 s - a scroll of magic mapping {unknown}
Potions
 e - a potion of berserk rage
 j - a potion of ambrosia {unknown}
 m - a potion of magic {unknown}
 p - a potion of cancellation {unknown}
 r - a potion of heal wounds {unknown}
 t - a potion of degeneration
Comestibles
 b - a bread ration
 h - 3 meat rations
 k - a beef jerky
 l - 2 slices of pizza


   Skills:
 * Level 4.9 Fighting
 + Level 3.8 Axes
 * Level 4.8 Dodging
 * Level 2.1 Stealth


You had 5 spell levels left.
You didn't know any spells.

Dungeon Overview and Level Annotations

Branches:
Dungeon (4/15)
 Temple: D:4-7

Altars:
Gozag
Nemelex Xobeh
Okawaru
The Shining One


Innate Abilities, Weirdness & Mutations

Your plain brown scales are hard (AC +6).
Your body does not fit into most forms of armour.
You are cold-blooded and may be slowed by cold attacks.


Message History

The gnoll is heavily wounded.
Your skin stops crawling.
You feel less resistant to hostile enchantments.
The gnoll hits you from afar with a halberd.
* * * LOW HITPOINT WARNING * * *
The gnoll closely misses you.
The gnoll hits you but does no damage. x2
Drink which item? (? for menu, Esc to quit)
It was a potion of degeneration.
There was something very wrong with that liquid.
You feel weakened.
You feel dopey.
You feel clumsy. The gnoll hits you but does no damage.
The gnoll closely misses you. x2
Drink which item? (? for menu, Esc to quit)
It was a potion of cure mutation.
It has a very clean taste.
The gnoll hits you with a spear.
* * * LOW HITPOINT WARNING * * *
The gnoll hits you but does no damage. x2
You barely miss the gnoll.
The gnoll is heavily wounded.
The gnoll hits you from afar with a halberd!!
You die...

###........#####
##.[.........####
##..#..........#####
#..####...........#
##..######.....[..##
#...# ####......# ##..##
####..##
#...##############
###..#.....@g.....#
######.........).......#
#......<##......g......#
#..............))......#
..#....................#
###................##.##
# ##............#### .#
##.........### #
##........#


You could see 2 gnolls.

Vanquished Creatures
  Blork the orc (D:4)
  A gnoll shaman (D:4)
  An orc wizard (D:3)
  An iguana (D:3)
  Ijyb (D:2)
  5 adders
  5 gnolls
  An ooze (D:2)
  2 worms (D:3)
  A dart slug (D:3)
  3 giant geckos
  3 orcs (D:3)
  3 ball pythons
  4 giant cockroaches
  5 goblins
  7 hobgoblins
  4 jackals (D:3)
  7 kobolds
  6 quokkas
  6 bats
  3 giant newts
  6 rats
  2 plants (D:2)
78 creatures vanquished.

Vanquished Creatures (others)
  A plant (D:2)
1 creature vanquished.

Grand Total: 79 creatures vanquished

Notes
Turn   | Place    | Note
--------------------------------------------------------------
     0 | D:1      | MTVSty1e the Draconian Berserker began the quest for the Orb.
     0 | D:1      | Reached XP level 1. HP: 19/19 MP: 1/1
   221 | D:1      | Reached XP level 2. HP: 19/26 MP: 2/2
   503 | D:1      | Found a sparkling altar of Nemelex Xobeh.
   583 | D:1      | Reached skill level 1 in Stealth
   688 | D:2      | Reached ** piety under Trog
   690 | D:2      | Reached XP level 3. HP: 33/33 MP: 3/3
   762 | D:2      | Found an opulent altar of Gozag.
   962 | D:2      | Reached XP level 4. HP: 20/40 MP: 4/4
  1319 | D:2      | Noticed Ijyb
  1342 | D:2      | Killed Ijyb
  1929 | D:3      | Found a glowing golden altar of the Shining One.
  1965 | D:3      | Reached XP level 5. HP: 37/47 MP: 5/5
  2653 | D:4      | Found an iron altar of Okawaru.
  2705 | D:4      | Reached *** piety under Trog
  2754 | D:4      | Noticed Blork the orc
  2775 | D:4      | Killed Blork the orc
  2775 | D:4      | Reached XP level 6. HP: 55/55 MP: 6/6
  2975 | D:4      | Slain by a gnoll

Skill      XL: |  1  2  3  4  5  6 |
---------------+-------------------+-----
Stealth        | 1 2 |  2.1
Dodging        | 3 4 |  4.8
Fighting       | 4 |  4.9
Axes           | |  3.8

Action                   |  1- 3 |  4- 6 || total
-------------------------+-------+-------++-------
Melee: Hand axe          |   141 |   225 ||   366
       Tailslap          |    25 |    35 ||    60
Invok: Trog's Hand       |     1 |     3 ||     4
       Berserk           |       |     3 ||     3
  Use: Scroll            |     4 |       ||     4
       Potion            |       |     3 ||     3
 Stab: Sleeping          |       |     1 ||     1
  Eat: Bread ration      |     1 |     2 ||     3
Armor: Skin              |    27 |   106 ||   133
Dodge: Dodged            |    70 |   205 ||   275
Block: Buckler           |       |    10 ||    10
